 Dungeon Crawl Stone Soup version 0.21.1-1-g345015fe64 (webtiles) character file.

49 Redear the Insei (level 3, 0/19 HPs)
             Began as a Vine Stalker Monk on Mar 14, 2018.
             Slain by VanClaymore's ghost (6 damage)
             ... on level 4 of the Dungeon.
             The game lasted 00:04:53 (1568 turns).

Redear the Insei (Vine Stalker Monk)                Turns: 1568, Time: 00:04:54

Health: 0/19       AC:  2    Str: 13    XL:     3   Next: 77%
Magic:  0/4        EV: 13    Int: 10    God:
Gold:   125        SH:  0    Dex: 17    Spells: 2/2 levels left

rFire    . . .     SeeInvis .     - Unarmed
rCold    . . .     Gourm    .   (no shield)
rNeg     . . .     Faith    .   a - +0 robe
rPois    .         Spirit   +   (no helmet)
rElec    .         Reflect  .   (no cloak)
rCorr    .         Harm     .   (no gloves)
MR       .....                  (no boots)
Stlth    ++........             c - amulet of magic regeneration
HPRegen  0.06/turn              (no ring)
MPRegen  0.34/turn              (no ring)

@: no status effects
A: fangs 2, magic shield, antimagic bite, no potion heal 3, rot immunity
a: no special abilities


You were on level 4 of the Dungeon.
You were not hungry.

You visited 1 branch of the dungeon, and saw 3 of its levels.

You collected 125 gold pieces.

Inventory:

Armour
 a - a +0 robe (worn)
 i - a +0 pair of boots
Jewellery
 c - an amulet of magic regeneration (around neck)
Scrolls
 e - 2 scrolls of teleportation {unknown}
 f - 2 scrolls of remove curse {unknown}
 g - a scroll of noise {unknown}
 j - a scroll of fear {unknown}
 k - a scroll of blinking {unknown}
 l - 2 scrolls of identify {unknown}
 m - a scroll of magic mapping {unknown}
Potions
 h - a potion of magic {unknown}
Comestibles
 b - 4 rations
 d - 2 chunks of flesh


   Skills:
 - Level 2.9 Fighting
 - Level 2.4 Dodging
 - Level 2.4 Stealth
 + Level 4.4 Unarmed Combat


You had 2 spell levels left.
You didn't know any spells.

Dungeon Overview and Level Annotations

Branches:
Dungeon (2/15)

Altars:
Ashenzari
Fedhas
Okawaru
Trog

Annotations:
D:4 VanClaymore's ghost, amateur GrMo


Innate Abilities, Weirdness & Mutations

You have extremely sharp teeth.
When hurt, damage is shared between your health and your magic reserves.
Your bite disrupts and absorbs the magic of your enemies.
Potions cannot restore your health.
You are immune to rotting.


Message History

VanClaymore's ghost misses you.
Found a shattered altar of Ashenzari.
You see here a scroll labeled DEWOAM DIATOIHANU.
You hit VanClaymore's ghost but do no damage.
VanClaymore's ghost hits you. VanClaymore's ghost hits you.
You see here 10 gold pieces.
VanClaymore's ghost whispers, "Soon you will have time, lots of time..."
VanClaymore's ghost closely misses you.
You see here a scroll labeled UCOZYEXE NOOJAIMA.
m - a scroll labeled UCOZYEXE NOOJAIMA VanClaymore's ghost hits you.
You hit VanClaymore's ghost but do no damage.
Your bite misses VanClaymore's ghost. VanClaymore's ghost hits you!
You hit VanClaymore's ghost but do no damage.
You bite VanClaymore's ghost. You drain its power.
You feel invigorated.
VanClaymore's ghost is lightly damaged.
VanClaymore's ghost lets out a mournful wail.
VanClaymore's ghost hits you!
You die...

..#.# .###### .#...#
#._.# ...+ #### #..##
.# #@W$## ..#
#....##...#
#.....##..#
#....?.##.#######
.#......)#....##.#
#.................##
#....?............(.<#
###...................
##...##....>........


You could see VanClaymore's ghost.

Vanquished Creatures
  2 adders (D:2)
  2 leopard geckos (D:1)
  A ball python (D:2)
  4 giant cockroaches
  A hobgoblin (D:2)
  2 quokkas
  3 bats (D:1)
  2 frilled lizards
  4 goblins
  7 kobolds
  2 rats (D:1)
30 creatures vanquished.

Vanquished Creatures (others)
  A fungus (D:2)
1 creature vanquished.

Grand Total: 31 creatures vanquished

Notes
Turn   | Place    | Note
-------+----------+-------------------------------------------
     0 | D:1      | Redear the Vine Stalker Monk began the quest for the Orb.
     0 | D:1      | Reached XP level 1. HP: 11/11 MP: 2/2
   122 | D:1      | Reached XP level 2. HP: 12/16 MP: 3/3
   945 | D:2      | Found a blossoming altar of Fedhas.
   958 | D:2      | Reached XP level 3. HP: 16/19 MP: 4/4
   983 | D:2      | Reached skill level 4 in Unarmed Combat
  1464 | D:2      | Found a bloodstained altar of Trog.
  1470 | D:2      | Found an iron altar of Okawaru.
  1472 | D:2      | You fall through a shaft for 2 floors!
  1543 | D:4      | Noticed VanClaymore's ghost (amateur GrMo)
  1557 | D:4      | Found a shattered altar of Ashenzari.
  1568 | D:4      | Slain by VanClaymore's ghost

Skill      XL: |  1  2  3 |
---------------+----------+-----
Unarmed Combat | 4 |  4.4
Fighting       | |  2.9
Dodging        | |  2.4
Stealth        | |  2.4

Action                   || total
-------------------------++-------
Melee: Unarmed           ||    72
       Bite              ||    20
 Stab: Sleeping          ||     7
  Eat: Chunk             ||     2
Armor: Robe              ||    12
Dodge: Dodged            ||    44
